 Dungeon Crawl Stone Soup version 0.27.0-1-g7a089689b8 (webtiles) character file.

Game seed: 6458127697707496243

47 loansindi the Conjurer (level 3, 0/26 HPs)
             Began as a Draconian Conjurer on Aug 17, 2021.
             Slain by an orc wizard (1 damage)
             ... on level 3 of the Dungeon.
             The game lasted 00:08:47 (2340 turns).

loansindi the Conjurer (Draconian Conjurer)         Turns: 2340, Time: 00:08:48

Health: 0/26       AC:  5    Str:  9    XL:     3   Next: 48%
Magic:  2/6        EV: 12    Int: 19    God:
Gold:   37         SH:  0    Dex:  9    Spells: 3/6 levels left

rFire    . . .     SeeInvis .   d - +0 dagger
rCold    . . .     Faith    .   (no shield)
rNeg     + . .     Spirit   .   (armour unavailable)
rPois    .         Reflect  .   (helmet restricted)
rElec    .         Harm     .   (no cloak)
rCorr    .         Rampage  .   (no gloves)
Will     .....                  (no boots)
Stlth    ++........             (no amulet)
HPRegen  0.08/turn              e - ring of positive energy
MPRegen  0.10/turn              (no ring)

@: no status effects
A: AC +5, unfitting armour, cold-blooded
a: no special abilities


You were on level 3 of the Dungeon.
You visited 1 branch of the dungeon, and saw 3 of its levels.

You collected 37 gold pieces.

Inventory:

Hand Weapons
 d - a +0 dagger (weapon)
Missiles
 f - 16 poisoned darts
Armour
 a - a +2 helmet of intelligence
 b - a +0 chain mail
 c - a +0 leather armour
Jewellery
 e - a ring of positive energy (left hand)
Scrolls
 h - a scroll of vulnerability {unknown}
Potions
 g - a potion of haste {unknown}
 i - a potion of curing {unknown}


   Skills:
 + Level 0.2 Throwing
 + Level 1.9 Dodging
 + Level 1.9 Stealth
 + Level 2.4 Spellcasting
 + Level 4.8 Conjurations


You had 3 spell levels left.
You knew the following spells:

 Your Spells              Type           Power      Damage    Failure   Level
a - Magic Dart            Conj           80%        1d7       2%          1
b - Searing Ray           Conj           40%        3d4       3%          2

Your spell library contained the following spells:

 Spells                   Type           Power      Damage    Failure   Level
 Dazzling Flash           Conj/Hex       22%        N/A       19%         3
 Ensorcelled Hibernation  Hex/Ice        4%         N/A       24%         2
 Spider Form              Tmut/Pois      1%         N/A       43%         3
 Fulminant Prism          Conj/Hex       5%         3d7       52%         4
 Iskenderun's Mystic Bla  Conj/Tloc      11%        2d4       52%         4
 Shadow Creatures         Summ           N/A        N/A       100%        6


Dungeon Overview and Level Annotations

Branches:
Dungeon (3/15)

Altars:

Shops:
D:2 ==


Innate Abilities, Weirdness & Mutations

Your plain brown scales are hard. (AC +5)
You cannot fit into any form of body armour.
You are cold-blooded and may be slowed by cold attacks.


Message History

A bat comes into view.
The orc hits you with a +0 club.
The orc wizard gestures wildly while chanting.
The orc wizard flickers and vanishes!
Deactivating autopickup; reactivate with Ctrl-A.
The bat hits you but does no damage. The orc hits you but does no damage.
Something completely misses you. The bat hits you.
You hear some strange, mumbled words.
A puff of flame appears from out of thin air!
The puff of flame hits you! The bat hits you but does no damage.
The orc wizard shouts!
The bat misses you. The bat hits you but does no damage.
The orc wizard gestures at you while chanting.
You are confused.
You bump into the stone wall.
The bat barely misses you.
You bump into the stone wall.
The bat hits you.
You barely miss the orc wizard. The bat hits you but does no damage.
The bat barely misses you. The orc wizard barely misses you.
The orc wizard gestures wildly while chanting.
The orc wizard flickers and vanishes!
The bat completely misses you.
You bump into the stone wall.
You feel less confused. The bat closely misses you. Something hits you.
You hit something but do no damage.
Your tail-slap misses something.
Something barely misses you. Something hits you.
* * * LOW HITPOINT WARNING * * *
The bat closely misses you.
You miss something. The bat barely misses you. x2
You hear some strange, mumbled words.
A magic dart appears from out of thin air!
The magic dart hits you.
* * * LOW HITPOINT WARNING * * *
Something hits you but does no damage. The bat hits you but does no damage.
You miss something. The bat completely misses you. Something hits you.
* * * LOW HITPOINT WARNING * * *
Something hits you.
You die...

######### #. ..... #.
#.#.# ###.##.#.### #
#...†.<....# ######. .#
###.#.###..#.##......
... .....).##..#...#...#
...#
o..........#....#..##..#
....)..o.....#..@#....#
###.#...#.##.#..{.#..#
#.......##.#.##o.#
##########...##..#
##)....#..# #....#....#
#...#..##..# #..#.^.#
...# ###..........


You could see an orc.

Vanquished Creatures
  A worm (D:2)
  A dart slug (D:2)
  2 orcs (D:3)
  4 bats
  An endoplasm (D:1)
  A giant cockroach (D:1)
  A goblin (D:1)
  5 hobgoblins
  10 jackals
  3 ball pythons
  4 kobolds
  A rat (D:1)
34 creatures vanquished.

Notes
Turn   | Place    | Note
-------+----------+-------------------------------------------
     0 | D:1      | loansindi the Draconian Conjurer began the quest for the
                  | Orb.
     0 | D:1      | Reached XP level 1. HP: 14/14 MP: 3/3
   331 | D:1      | Reached XP level 2. HP: 20/20 MP: 1/5
   526 | D:1      | Learned a level 2 spell: Searing Ray
   804 | D:1      | Found a faded altar of an unknown god.
  1532 | D:2      | Reached XP level 3. HP: 26/26 MP: 2/6
  1651 | D:2      | Found Waf Qasy's Jewellery Boutique.
  2007 | D:2      | Found Xizemeig's Jewellery Boutique.
  2340 | D:3      | HP: 1/26 [something (1)]
  2340 | D:3      | Slain by an orc wizard

Illustrated notes

Levels and vault maps discovered:
D:1:      nicolae_arrival_washed_ashore, layout_basic,
          dilly_ecumenical_altar_fadedgnrine
D:2:      layout_loops_corners, serial_shops, shop, nicolae_shop_trees
D:3:      layout_loops_cross, old_standard_altar, minivault_26

Action                   || total
-------------------------++-------
Melee: Dagger            ||    51
       Tailslap          ||     3
Throw: Dart              ||     9
 Cast: Magic Dart        ||    43
       Searing Ray       ||     7
Armor: Skin              ||    29
Dodge: Dodged            ||    53
